 Dungeon Crawl Stone Soup version 0.30-a0-618-gd6c86c23d0 (webtiles) character file.

Game seed: 12025971123112204311

4245 tilp the Thrower (level 10, -2/84 HPs)
             Began as a Meteoran Fighter on Jan 9, 2023.
             Slain by a hornet (5 damage)
             ... on level 8 of the Dungeon.
             The game lasted 00:15:46 (3311 turns).

tilp the Thrower (Meteoran Fighter)                 Turns: 3311, Time: 00:15:47

Health: -2/84      AC: 15    Str: 25    XL:     10   Next: 85%
Magic:  0/11       EV: 12    Int: 10    God:
Gold:   280        SH:  5    Dex: 17    Spells: 9/9 levels left

rFire   . . .      SeeInvis .    a - +0 scimitar (elec)
rCold   + . .      Faith    .    c - +0 buckler
rNeg    . . .      Spirit   +    e - +4 chain mail of Understanding {rC+ Stlth+}
rPois   .          Reflect  .    (no helmet)
rElec   .          Harm     .    (no cloak)
rCorr   .          Rampage  .    A - +0 pair of gloves
Will    +....                    (no boots) Stlth
                                 n - amulet of guardian spirit
HPRegen 0.34/turn                j - +6 ring of strength
MPRegen 0.12/turn                (no ring)

@: mighty, lethally poisoned (-2 -> -14), attractive, slowed, glowing, very slow
A: sense surroundings 2, otherworldly, glowing, explore regen
a: no special abilities


You were on level 8 of the Dungeon.
You visited 2 branches of the dungeon, and saw 9 of its levels.

You collected 280 gold pieces.

Inventory:

Hand Weapons
 a - a +0 scimitar of electrocution (weapon)
 b - the +7 rapier of Flawed Execution {venom, rPois rF- Stlth+}
   (You found it on level 7 of the Dungeon)

   rF:        It makes you vulnerable to fire.
   rPois:     It protects you from poison.
   Stlth:     It makes you more stealthy.
 D - a +2 scimitar
Missiles
 d - 13 poisoned darts (quivered)
 l - 64 stones
 o - 2 boomerangs
 v - 4 silver javelins
Armour
 c - a +0 buckler (worn)
 e - the +4 chain mail of Understanding (worn) {rC+ Stlth+}
   (You found it on level 2 of the Dungeon)

   rC:        It protects you from cold.
   Stlth:     It makes you more stealthy.
 s - a +0 hat
 A - a +0 pair of gloves (worn)
Jewellery
 j - a +6 ring of strength (left hand)
 k - a +6 ring of intelligence
 n - an amulet of guardian spirit (around neck)
 r - a ring of protection from cold
Wands
 z - a wand of iceblast (5)
 G - a wand of charming (10)
Scrolls
 i - a scroll of enchant weapon {unknown}
 q - 2 scrolls of fog {unknown}
 w - 5 scrolls of teleportation
 y - 2 scrolls of identify
 B - 2 scrolls of enchant armour {unknown}
 F - a scroll of fear
 H - a scroll of poison {unknown}
 I - a scroll of vulnerability {unknown}
Potions
 g - a potion of ambrosia
 h - 2 potions of heal wounds
 m - 3 potions of lignification
 p - a potion of cancellation
 u - a potion of flight {unknown}
 x - 2 potions of mutation
 C - a potion of curing
 E - a potion of brilliance {unknown}


   Skills:
 + Level 6.3 Fighting
 + Level 8.3 Long Blades
 - Level 8.8 Throwing
 - Level 6.0 Armour
 + Level 8.3 Dodging
 - Level 2.0 Stealth
 - Level 4.0 Shields
 + Level 4.6 Evocations


You had 9 spell levels left.
You didn't know any spells.
Your spell library was empty.

Dungeon Overview and Level Annotations

Branches:
Dungeon (8/15) Zot: 1407   Temple (1/1) D:5 Zot: 563
   Lair: D:8-11

Altars:
Ashenzari
Cheibriados
Elyvilon
Fedhas
Gozag
Hepliaklqana
Kikubaaqudgha
Nemelex Xobeh
Ru
Sif Muna
Vehumet
Wu Jian
Xom
Yredelemnul
The Shining One

Annotations:
D:6 5 runed translucent doors, 2 transporters
Temple 1 transporter


Innate Abilities, Weirdness & Mutations

You passively map the area around you.
You are easily found by Zot.
You glow in the dark.
You regain HP and MP as you explore.


Message History

The hornet is moderately wounded.
You feel very sick. You block the hornet's attack. The hornet misses you.
You hit the hornet but do no damage. Lightning courses through the hornet!
The hornet is heavily wounded.
You feel sick. The hornet stings you!
* * * LOW HITPOINT WARNING * * *
You are more poisoned.
You feel as though you will be slow longer.
The hornet stings you but does no damage.
The hornet completely misses you.
You closely miss the hornet.
The hornet is heavily wounded.
You feel yourself speed up.
* * * LOW HITPOINT WARNING * * *
You feel very sick.
The hornet stings you but does no damage.
The hornet closely misses you.
Unknown command.
You feel much better.
You feel very sick. The hornet stings you.
You feel yourself slow down.
Unknown command.
You hit the hornet.
The hornet is severely wounded.
You feel very sick. The hornet stings you!
* * * LOW HITPOINT WARNING * * *
You feel as though you will be slow longer.
The hornet stings you!
* * * LOW HITPOINT WARNING * * *
You are lethally poisoned!
You feel as though you will be slow longer.
The hornet barely misses you.
You closely miss the hornet.
The hornet is severely wounded.
* * * LOW HITPOINT WARNING * * *
You feel extremely sick. The hornet closely misses you. The hornet stings you!
You die...

* , , ,, # , # #.
####.#.. #.*#.
#....#c# * * #.##.
#†####.. *
,.....##)####J##
#........#..,# * ,
* * #.....<..#.#?#
*
####.......)#...#
* ..........)@y.#
* *
*####........#...#
* #........#.#$# *
*#........#.. # ,
.........#.##F## ,
########.#.# .. *
,, * * #.#.# c# ,
, * ....#*.. *
#..##


You could see a hornet.

Vanquished Creatures
  2 centaur warriors (D:8)
  Pikel (D:4)
  An unseen horror (D:7)
  Eustachio (D:6)
  A steam dragon (D:5)
  A water moccasin (D:7)
  A black bear (D:6)
  An ice beast (D:7)
  2 orc warriors
  A sky beast (D:8)
  A centaur (D:8)
  2 phantoms
  Blork the orc (D:6)
  A bullfrog (D:8)
  2 necrophages (D:6)
  4 scorpions
  5 wights (D:6)
  2 howler monkeys
  2 hounds
  3 jellies
  An orc priest (D:5)
  2 iguanas
  4 orc wizards
  7 adders
  A shadow imp (D:7)
  A white imp (D:6)
  An ufetubus (D:6)
  2 dart slugs (D:3)
  14 orcs
  3 ball pythons
  5 endoplasms
  2 giant cockroaches
  6 goblins
  8 hobgoblins
  2 quokkas (D:4)
  A bat (D:3)
  2 frilled lizards
  4 kobolds
  4 rats
105 creatures vanquished.

Notes
Turn   | Place    | Note
-------+----------+-------------------------------------------
     0 | D:1      | tilp the Meteoran Fighter began the quest for the Orb.
     0 | D:1      | Reached XP level 1. HP: 19/19 MP: 2/2
    58 | D:2      | Reached XP level 2. HP: 26/26 MP: 3/3
    71 | D:2      | Reached skill level 1 in Dodging
    71 | D:2      | Identified the +4 chain mail of Understanding {rC+ Stlth+}
   203 | D:3      | Reached XP level 3. HP: 31/31 MP: 4/4
   381 | D:3      | Reached XP level 4. HP: 29/39 MP: 5/5
   457 | D:3      | Reached skill level 1 in Stealth
   457 | D:3      | Reached XP level 5. HP: 46/46 MP: 6/6
   599 | D:5      | Entered Level 5 of the Dungeon
   794 | D:3      | Reached XP level 6. HP: 50/52 MP: 5/7
   808 | D:5      | Noticed Pikel
   840 | D:4      | Killed Pikel
   841 | D:4      | Reached skill level 5 in Throwing
   841 | D:4      | Reached XP level 7. HP: 29/59 MP: 4/8
   841 | D:4      | Reached XP level 8. HP: 32/66 MP: 4/9
  1059 | D:4      | Found a basalt altar of Yredelemnul.
  1285 | D:5      | Noticed a steam dragon
  1299 | D:5      | Killed a steam dragon
  1438 | D:5      | Found a staircase to the Ecumenical Temple.
  1444 | Temple   | Entered the Ecumenical Temple
  1444 | Temple   | Found a transporter.
  1444 | Temple   | Found a transporter.
  1446 | Temple   | Found a transporter.
  1446 | Temple   | Found a transporter.
  1524 | D:5      | Gained mutation: You passively map the area around you.
                  | [Meteoran growth]
  1524 | D:5      | Reached XP level 9. HP: 35/54 MP: 6/10
  2077 | D:6      | Found an opulent altar of Gozag.
  2094 | D:6      | Found the +9 staff of Olgreb {rPois∞}
  2105 | D:6      | Reached skill level 1 in Evocations
  2125 | D:6      | Found a runed translucent gate.
  2125 | D:6      | Found a runed translucent gate.
  2126 | D:6      | Found a runed translucent door.
  2144 | D:6      | Found a runed translucent gate.
  2150 | D:6      | Found a runed translucent door.
  2173 | D:6      | Noticed Eustachio
  2180 | D:6      | Killed Eustachio
  2337 | D:6      | Found a transporter.
  2347 | D:6      | Noticed a kobold demonologist
  2350 | D:6      | Noticed a kobold demonologist
  2355 | D:6      | Found a transporter.
  2373 | D:6      | Reached skill level 5 in Long Blades
  2373 | D:6      | Reached skill level 5 in Armour
  2373 | D:6      | Reached skill level 5 in Dodging
  2423 | D:6      | Reached skill level 5 in Fighting
  2508 | D:6      | Noticed Blork the orc
  2516 | D:6      | Killed Blork the orc
  2965 | D:7      | Identified the +7 rapier of Flawed Execution {venom, rPois
                  | rF- Stlth+}
  3041 | D:7      | Reached XP level 10. HP: 63/81 MP: 8/11
  3134 | D:7      | Killed an unseen horror
  3279 | D:8      | Noticed a centaur warrior
  3279 | D:8      | Noticed a centaur warrior
  3291 | D:8      | Killed a centaur warrior
  3296 | D:8      | Killed a centaur warrior
  3311 | D:8      | HP: 3/84 [poisoned by a hornet]
  3311 | D:8      | Slain by a hornet

Illustrated notes

Levels and vault maps discovered:
D:1:      dpeg_arrival_tiny_a, layout_loops_ring, serial_forest,
          infiniplex_forest_corner_1, infiniplex_forest_lined_4_way,
          infiniplex_forest_straight_4, infiniplex_forest_corner_2,
          infiniplex_forest_end_2, infiniplex_forest_lined_4_way,
          infiniplex_forest_straight_4, infiniplex_forest_lined_room_,
          minivault_23
D:2:      layout_basic
D:3:      layout_loops_ring
D:4:      layout_basic, mainiacjoe_overflow_small_starburst, kennysheep_potato
D:5:      layout_cave_pools, minmay_temple_entry_fiery, reono_crystal_passage,
          nicolae_fountain_basement, uniq_pikel
D:6:      gammafunk_wand_slinger, layout_basic, lemuel_crystal_altar,
          minmay_guarded_unrand_staff_of_olgreb, uniq_eustachio,
          uniq_blork_the_orc
D:7:      layout_loops_ring
D:8:      cheibrodos_fertilizer, layout_loops_ring, enter_bailey_6,
          hangedman_minor_gate_pass, uniq_joseph
Temple:   hellmonk_temple_divided_pantheon

Skill      XL: |  1  2  3  4  5  6  7  8  9 10 |
---------------+-------------------------------+-----
Dodging        | 1 2 3 4 5 8 |  8.3
Long Blades    | 3 4 5 8 |  8.3
Armour         | 4 5 6 |  6.0
Shields        | 4 |  4.0
Stealth        | 1 2 |  2.0
Fighting       | 4 5 6 |  6.3
Throwing       | 5 8 |  8.8
Evocations     | 3 4 |  4.6

Action                   |  1- 3 |  4- 6 |  7- 9 | 10-12 || total
-------------------------+-------+-------+-------+-------++-------
Melee: Long sword        |    70 |    99 |    60 |       ||   229
       Scimitar          |       |       |   196 |    72 ||   268
Throw: Dart              |       |       |     6 |       ||     6
  Use: Potion            |       |     1 |     2 |     6 ||     9
       Scroll            |       |       |    12 |     1 ||    13
Armor: Scale mail        |     4 |       |       |       ||     4
       Chain mail        |    31 |    66 |   150 |    72 ||   319
Dodge: Dodged            |    22 |    38 |    96 |    66 ||   222
Block: Buckler           |    19 |    31 |    67 |    24 ||   141

Table legend: (Time is in decaauts)
 A = Elapsed time spent in this place.
 B = Non-inter-level travel time spent in this place.
 C = Inter-level travel time spent in this place.
 D = Time resting spent in this place.
 E = Time spent auto-exploring this place.
 F = Levels seen in this place.
 G = Mean time per level.
                   A        B        C        D        E       F      G
               +--------+--------+--------+--------+--------+-----+--------+
         Total |   3427 |   2934 |    493 |      0 |     21 |   9 |  380.8 |
       Dungeon |   3390 |   2897 |    493 |      0 |     21 |   8 |  423.8 |
        Temple |     36 |     36 |      0 |      0 |      0 |   1 |   36.0 |
               +--------+--------+--------+--------+--------+-----+--------+

Top non-repeatable levels by time:
     D:6: 916 daAuts
     D:4: 808 daAuts
     D:3: 551 daAuts
     D:5: 519 daAuts
     D:7: 292 daAuts
     D:2: 138 daAuts
     D:8: 84 daAuts
     D:1: 79 daAuts
  Temple: 36 daAuts
